 Dungeon Crawl Stone Soup version 0.32-a0-30-gefbe487952 (webtiles) character file.

Game seed: 12769985163332668924

70276 cforsyth the Warrior (level 15, 0/129 HPs)
             Began as a Djinni Alchemist on Jan 19, 2024.
             Was the Champion of Nemelex Xobeh.
             Slain by a titanic slime creature (37 damage)
             ... on level 10 of the Dungeon.
             The game lasted 01:20:21 (21868 turns).

cforsyth the Warrior (Djinni Alchemist)            Turns: 21868, Time: 01:20:22

Health: 0/129      AC:  8    Str: 10    XL:     15   Next: 77%
Gold:   4257       EV: 12    Int: 24    God:    Nemelex Xobeh [******] SH:  0 Dex: 14

rFire   + . .        (no weapon)
rCold   + . .        (no shield)
rNeg    . . .        v - +1 troll leather armour
rPois   ∞            O - +1 helmet
rElec   +            F - +0 cloak
rCorr   .            n - +0 pair of gloves
SInv    .            (boots unavailable)
Will    +....        B - amulet of regeneration
Stlth   ++           m - ring of ice
HPRegen 2.01/turn    s - ring of Peace {^Contam rElec rPois rC+ Str+3}
MPRegen 0.00/turn

%: infuse magic (-1 HP)
@: flying
A: sickness immunity, fire resistance 2, cold vulnerability 1, float, innate
caster, HP casting, extra vitality 1
a: Renounce Religion, Draw Escape, Draw Destruction, Draw Summoning, Triple
Draw, Deal Four, Stack Five


You were on level 10 of the Dungeon.
You worshipped Nemelex Xobeh.
Nemelex Xobeh was exalted by your worship.
You visited 3 branches of the dungeon, and saw 18 of its levels.
You also visited: Sewer.

You collected 4557 gold pieces.
You spent 300 gold pieces at shops.

Inventory:

Hand Weapons
 I - the +1 triple sword of Conformity {freeze, *Rage rN+ Dex+8}
   (You found it on level 8 of the Dungeon)

   Dex+8:     It affects your dexterity (+8).
   rN+:       It protects you from negative energy.
   *Rage:     It berserks you when you make melee attacks (+20% chance).
 X - the +3 flail of Impatience {flame, rElec}
   (You found it on level 5 of the Lair of Beasts)

   rElec:     It insulates you from electricity.
Armour
 n - a +0 pair of gloves (worn)
 v - a +1 troll leather armour (worn)
 F - a +0 cloak (worn)
 O - a +1 helmet (worn)
Magical Staves
 J - a staff of alchemy
 K - a staff of fire
Jewellery
 a - the amulet of Tolurhof {Faith rN+}
   (You found it on level 1 of the Lair of Beasts)

   [amulet of faith]

   Faith:     It allows you to gain divine favour quickly.
   rN+:       It protects you from negative energy.
 k - an amulet of the acrobat
 m - a ring of ice (left hand)
 s - the ring of Peace (right hand) {^Contam rElec rPois rC+ Str+3}
   (You acquired it on level 10 of the Dungeon)

   [ring of protection from cold]

   Str+3:     It affects your strength (+3).
   rC+:       It protects you from cold.
   rElec:     It insulates you from electricity.
   rPois:     It protects you from poison ^Contam: It causes magical
   contamination when unequipped.
 w - a ring of positive energy
 B - an amulet of regeneration (around neck)
 C - a ring of ice
 N - a ring of willpower
 S - a +6 ring of dexterity
 W - a +5 ring of evasion
Wands
 c - a wand of paralysis (26)
 x - a wand of mindburst (8)
 E - a wand of quicksilver (9)
 H - a wand of polymorph (10)
 L - a wand of roots (11)
Scrolls
 b - 4 scrolls of immolation
 d - 2 scrolls of fog
 e - 8 scrolls of teleportation
 i - a scroll of poison
 l - 2 scrolls of brand weapon
 o - 3 scrolls of revelation
 t - 4 scrolls of fear
 u - 2 scrolls of enchant armour
 y - 2 scrolls of silence
 z - 2 scrolls of vulnerability
 A - 3 scrolls of torment
 P - a scroll of acquirement
 T - 2 scrolls of identify
 Y - a scroll of enchant weapon
Potions
 f - 4 potions of enlightenment
 g - 3 potions of resistance
 h - 6 potions of curing
 j - 3 potions of might
 p - 6 potions of brilliance
 q - 5 potions of mutation
 r - 5 potions of heal wounds
 D - a potion of berserk rage
 G - a potion of invisibility
 M - a potion of attraction
 R - 2 potions of cancellation
 U - a potion of ambrosia
 V - a potion of lignification {unknown}


   Skills:
 + Level 19.0 Fighting
 - Level 2.1 Dodging
 - Level 1.5 Stealth
 + Level 14.9 Spellcasting
 + Level 14.9 Conjurations
 + Level 14.9 Hexes
 + Level 14.9 Summonings
 + Level 14.9 Necromancy
 + Level 14.9 Translocations
 + Level 14.9 Fire Magic
 + Level 14.9 Ice Magic
 + Level 14.9 Air Magic
 + Level 14.9 Earth Magic
 + Level 14.9 Alchemy


You knew the following spells:

 Your Spells              Type           Power      Damage    Failure   Level
a - Sting                 Conj/Alch      100%       1d9       0%          1
b - Mercury Vapours       Alch/Air       100%       N/A       0%          2
c - Mephitic Cloud        Conj/Alch/Air  74%        N/A       1%          3
d - Olgreb's Toxic Radia  Alch           74%        N/A       1%          4
e - Sticky Flame          Fire/Alch      74%        2d12      1%          4
f - Kiss of Death         Conj/Necr      100%       2d13      0%          1
g - Blink                 Tloc           100%       N/A       0%          2
h - Hailstorm             Conj/Ice       94%        3d15      1%          3
i - Airstrike             Air            37%        2d(6-22)  1%          4
j - Fireball              Conj/Fire      37%        3d15      1%          5
k - Summon Mana Viper     Hex/Summ       74%        N/A       1%          5
l - Bombard               Conj/Erth      37%        9d6       1%          6
Your spell library was empty.

Dungeon Overview and Level Annotations

Branches:
Dungeon (12/15)            Temple (1/1) D:4            Lair (5/5) D:9
 Shoals (0/4) Lair:3       Spider (0/4) Lair:2        Slime (0/5) Lair:5
  Sewer (visited)
    Orc: D:9-12

Altars:
Ashenzari
Cheibriados
Dithmenos
Elyvilon
Fedhas
Gozag
Hepliaklqana
Makhleb
Nemelex Xobeh
Okawaru
Qazlal
Ru
Trog
Uskayaw
Wu Jian
Xom
Yredelemnul
Zin
The Shining One
Jiyva

Shops:
D:2 =   D:10 [

Annotations:
D:10 1 transporter


Innate Abilities, Weirdness & Mutations

You are immune to sickness and miasma.
You are immune to poison.
Your flesh is very heat resistant. (rF++)
You are vulnerable to cold. (rC-)
You float through the air rather than walking.
You learn spells naturally, not from books.
Your magical power is your life essence.
You have superior vitality. (+4 MHP)


Message History

Aim: a slime creature (purple smoke)
The fireball explodes!
The fireball engulfs the slime creature!!
The slime creature is heavily wounded.
The fireball engulfs the titanic slime creature!!
The titanic slime creature is lightly wounded.
The fireball engulfs the slime creature!
The slime creature is moderately wounded.
Your mana viper bites the titanic slime creature!!
Casting: Fireball (mildly dangerous; 1% risk of failure)
Confirm with . or Enter, or press ? or * to list all spells.
Aiming: Fireball (mildly dangerous; 1% risk of failure)
Press: ? - help, Shift-Dir - straight line, f - titanic slime creature, p - slime creature
Aim: a titanic slime creature (moderately wounded, ally target)
The fireball explodes!
The fireball engulfs the titanic slime creature!!
The titanic slime creature is moderately wounded.
The fireball engulfs the slime creature!
The slime creature is severely wounded.
The fireball engulfs the slime creature!!
The slime creature is severely wounded.
Your mana viper bites the slime creature!
Two slime creatures merge to form a large slime creature.
Casting: Fireball (mildly dangerous; 1% risk of failure)
Confirm with . or Enter, or press ? or * to list all spells.
You blink.
Your mana viper bites the titanic slime creature!
You feel ready to blink again.
Your mana viper bites the titanic slime creature.
The slime creature barely misses you.
The titanic slime creature attacks as it pursues you!
The titanic slime creature hits you!!!!
Ouch! That really hurt!
* * * LOW HITPOINT WARNING * * *
As you read the scroll of summoning, it crumbles to dust.
Wisps of shadow whirl around you...
The large slime creature barely misses you.
The titanic slime creature hits you!!!
You die...
Your body glows with a rainbow of weird colours and disappears.

#.# ###.# ###...## ### ###
#......### ##.###.## #......#..
### ####..#.#}.#####......#.> ..#
#.#.....x..?#.####.####.. ..#
##.###.gJgg###.####.# ### ..#
####.©##©.SJ@..##©..##.#### # ..#
#.>...###.yJyy###.........# # ..#
#.....#:.....g.©#......(..###
..###....###.$#g#yg###...........
...........##.###.## #...........
.........#.#### ### ####)###....
.........#.# ###..(..###.>
##.......#.### ##...)(....###
.............# #..⌠.....⌠..#


You could see a titanic slime creature (ally target), a large slime creature
(ally target), a slime creature (ally target), a friendly mana viper (summoned),
a friendly unseen horror (summoned, invisible), a friendly gnoll sergeant
(summoned), 4 friendly killer bees and 5 friendly gnolls.

Vanquished Creatures
  Frances (D:12)
  A minotaur (Lair:3)
  6 hydras
  2 catoblepae
  7 two-headed ogres
  7 death yaks
  Amaemon (Lair:1)
  A lindwurm (Lair:5)
  2 wolf spiders
  A deep elf pyromancer (D:12)
  3 oklob plants (Lair:5)
  3 cyclopes
  2 ugly things
  3 manticores
  An elephant (D:9)
  14 cane toads
  12 black mambas
  Maggie (D:9)
  An orange demon (Lair:1)
  Jeremiah (D:7)
  An unseen horror (shapeshifter) (D:8)
  7 kobold demonologists
  2 rime drakes (Lair:5)
  4 komodo dragons
  Psyche (D:9)
  4 trolls
  Prince Ribbit (D:7)
  2 polar bears (Lair:5)
  7 blink frogs (D:9)
  The ghost of croobank the Trooper, an amateur OpMo of Gozag (D:7)
  2 hornets (Lair:5)
  A culicivora (Lair:2)
  7 slime creatures (D:12)
  2 shadows
  3 wraiths
  27 yaks
  13 wyverns
  3 basilisks
  A redback (Lair:5)
  4 steam dragons
  3 vampire mosquitoes (D:12)
  3 acid dragons
  17 water moccasins
  2 sky beasts
  19 orc warriors
  4 black bears
  An ice beast (D:5)
  8 ogres
  9 centaurs
  18 wolves
  3 phantoms
  25 kobold brigands
  A gnoll sergeant (D:8)
  17 bullfrogs
  2 scorpions
  11 wights
  13 killer bees
  An electric eel (Lair:1)
  4 howler monkeys
  A bombardier beetle (D:4)
  4 jellies
  2 hounds
  8 orc priests
  2 sleepcaps (D:5)
  14 orc wizards
  Crazy Yiuf (D:3)
  3 iguanas
  5 hell rats
  Robin (D:3)
  8 gnolls
  10 adders
  A river rat (D:5)
  A shadow imp (D:7)
  2 white imps
  2 ufetubi (D:6)
  9 dart slugs
  A ribbon worm (D:2)
  59 orcs
  18 ball pythons
  15 endoplasms
  11 giant cockroaches
  12 goblins
  8 hobgoblins
  3 jackals
  8 quokkas
  4 bats
  11 frilled lizards
  38 kobolds
  6 rats
592 creatures vanquished.

Vanquished Creatures (collateral kills)
  A catoblepas (Lair:5)
  4 death yaks (Lair:5)
  2 skysharks
  A merfolk siren (Lair:3)
  A guardian serpent (Lair:5)
  3 cane toads
  2 rime drakes
  A komodo dragon (Lair:5)
  3 merfolk (Lair:3)
  A hornet (Lair:5)
  3 wyverns (Lair:5)
  14 yaks
  A vampire mosquito (D:12)
  8 water moccasins
  A kobold brigand (D:12)
  A killer bee (D:11)
47 creatures vanquished.

Vanquished Creatures (others)
  A human (D:8)
1 creature vanquished.

Grand Total: 640 creatures vanquished

Notes
Turn   | Place    | Note
-------+----------+-------------------------------------------
     0 | D:1      | cforsyth the Djinni Alchemist began the quest for the Orb.
     0 | D:1      | cforsyth set off with the following spells memorised:
                  | Sting, Mercury Vapours, Mephitic Cloud, Olgreb's Toxic
                  | Radiance, Sticky Flame.
     0 | D:1      | Reached XP level 1. HP: 15/15 MP: 0/0
    69 | D:1      | Found a faded altar of an unknown god.
   173 | D:1      | Reached XP level 2. HP: 16/22 MP: 0/0
   204 | D:1      | Reached skill level 1 in Fighting
   477 | D:1      | Reached XP level 3. HP: 12/27 MP: 0/0
   477 | D:1      | Learned a level 1 spell: Kiss of Death
   937 | D:2      | Found Dinnuquf's Jewellery Boutique.
   964 | D:2      | Reached skill level 2 in Fighting
  1306 | D:2      | Reached XP level 4. HP: 31/33 MP: 0/0
  2052 | D:3      | Found an iron altar of Okawaru.
  2052 | D:3      | Found a blossoming altar of Fedhas.
  2052 | D:3      | Found a basalt altar of Yredelemnul.
  2052 | D:3      | Found a stormy altar of Qazlal.
  2059 | D:3      | Found a shadowy altar of Dithmenos.
  2072 | D:3      | Found a shimmering altar of Xom.
  2498 | D:3      | Reached XP level 5. HP: 36/40 MP: 0/0
  2498 | D:3      | Learned a level 2 spell: Blink
  2507 | D:3      | Noticed Robin
  2527 | D:3      | Killed Robin
  2528 | D:3      | Reached skill level 3 in Fighting
  2793 | D:3      | Noticed a black bear
  2801 | D:3      | Killed a black bear
  2802 | D:3      | Reached XP level 6. HP: 25/47 MP: 0/0
  3180 | D:3      | Found a runed translucent door.
  3181 | D:3      | Noticed Crazy Yiuf
  3326 | D:4      | Reached skill level 4 in Fighting
  3436 | D:4      | Found an opulent altar of Gozag.
  3617 | D:4      | Found a staircase to the Ecumenical Temple.
  3667 | Temple   | Entered the Ecumenical Temple
  3745 | Temple   | Became a worshipper of Nemelex Xobeh the Trickster
  3762 | D:4      | Noticed a sky beast
  3775 | D:4      | Killed a sky beast
  3776 | D:4      | Reached XP level 7. HP: 45/53 MP: 0/0
  3776 | D:4      | Learned a level 3 spell: Hailstorm
  3784 | D:4      | Reached skill level 5 in Fighting
  3784 | D:4      | Reached skill level 5 in Spellcasting
  3784 | D:4      | Reached skill level 5 in Conjurations
  3784 | D:4      | Reached skill level 5 in Hexes
  3784 | D:4      | Reached skill level 5 in Summonings
  3784 | D:4      | Reached skill level 5 in Necromancy
  3784 | D:4      | Reached skill level 5 in Translocations
  3784 | D:4      | Reached skill level 5 in Fire Magic
  3784 | D:4      | Reached skill level 5 in Ice Magic
  3784 | D:4      | Reached skill level 5 in Air Magic
  3784 | D:4      | Reached skill level 5 in Earth Magic
  3784 | D:4      | Reached skill level 5 in Alchemy
  3852 | D:4      | Found an ornate altar of the Wu Jian Council.
  4418 | D:5      | Entered Level 5 of the Dungeon
  4430 | D:5      | Reached * piety under Nemelex Xobeh
  4552 | D:5      | Received a gift from Nemelex Xobeh
  4622 | D:5      | Reached XP level 8. HP: 60/61 MP: 0/0
  4643 | D:5      | Reached skill level 6 in Fighting
  4951 | D:5      | Reached skill level 7 in Fighting
  5035 | D:5      | Reached XP level 9. HP: 19/68 MP: 0/0
  5035 | D:5      | Learned a level 4 spell: Airstrike
  5062 | D:5      | Reached ** piety under Nemelex Xobeh
  5076 | D:5      | Found a glowing drain.
  5085 | Sewer    | Entered a sewer
  6128 | D:5      | Reached skill level 8 in Fighting
  6850 | D:6      | Noticed a troll
  6871 | D:6      | Killed a troll
  7008 | D:6      | Received a gift from Nemelex Xobeh
  7281 | D:6      | Identified a scroll of acquirement
  7633 | D:6      | Reached skill level 9 in Fighting
  7833 | D:6      | Found the +18 Lear's hauberk
  8130 | D:3      | Killed Crazy Yiuf
  8317 | D:7      | Received a gift from Nemelex Xobeh
  8318 | D:7      | Noticed Prince Ribbit
  8399 | D:7      | Noticed Jeremiah
  8427 | D:7      | Reached XP level 10. HP: 72/78 MP: 0/0
  8431 | D:7      | Killed Jeremiah
  8464 | D:7      | Noticed a kobold demonologist
  8473 | D:7      | Killed a kobold demonologist
  8545 | D:7      | Killed Prince Ribbit
  8546 | D:7      | Reached skill level 10 in Fighting
  8597 | D:7      | Found a runed translucent gate.
  8597 | D:7      | Found a runed translucent gate.
  8598 | D:7      | Found a runed translucent gate.
  8599 | D:7      | Noticed croobank's ghost (amateur OpMo)
  8600 | D:7      | Noticed a kobold demonologist
  8650 | D:7      | Reached *** piety under Nemelex Xobeh
  8928 | D:7      | Received a gift from Nemelex Xobeh
  9042 | D:7      | Paralysed by a kobold brigand for 1 turns
  9053 | D:7      | Killed a kobold demonologist
  9065 | D:8      | Reached skill level 11 in Fighting
  9279 | D:7      | Reached XP level 11. HP: 87/87 MP: 0/0
  9279 | D:7      | Learned a level 5 spell: Fireball
  9324 | D:7      | Killed croobank's ghost
  9464 | D:8      | Noticed a two-headed ogre
  9481 | D:8      | Killed a two-headed ogre
  9638 | D:8      | Reached skill level 12 in Fighting
  9763 | D:8      | Identified the +1 triple sword of Conformity {freeze, *Rage
                  | rN+ Dex+8}
 10553 | D:8      | Received a gift from Nemelex Xobeh
 10660 | D:9      | Noticed Psyche
 10661 | D:9      | Reached skill level 10 in Spellcasting
 10661 | D:9      | Reached skill level 10 in Conjurations
 10661 | D:9      | Reached skill level 10 in Hexes
 10661 | D:9      | Reached skill level 10 in Summonings
 10661 | D:9      | Reached skill level 10 in Necromancy
 10661 | D:9      | Reached skill level 10 in Translocations
 10661 | D:9      | Reached skill level 10 in Fire Magic
 10661 | D:9      | Reached skill level 10 in Ice Magic
 10661 | D:9      | Reached skill level 10 in Air Magic
 10661 | D:9      | Reached skill level 10 in Earth Magic
 10661 | D:9      | Reached skill level 10 in Alchemy
 10662 | D:9      | Killed Psyche
 10668 | D:9      | Noticed a two-headed ogre
 10671 | D:9      | Noticed Maggie
 10841 | D:9      | Noticed a two-headed ogre
 10850 | D:9      | Killed a two-headed ogre
 10892 | D:9      | Noticed an elephant
 10900 | D:9      | Killed an elephant
 10901 | D:9      | Reached skill level 13 in Fighting
 10971 | D:9      | Found a staircase to the Lair.
 10979 | D:9      | Reached XP level 12. HP: 88/98 MP: 0/0
 11032 | D:9      | Reached **** piety under Nemelex Xobeh
 11070 | D:9      | Killed Maggie
 11178 | D:9      | Killed a two-headed ogre
 11198 | D:9      | Received a gift from Nemelex Xobeh
 11335 | D:10     | Entered Level 10 of the Dungeon
 11446 | D:10     | Acquired 722 gold pieces
 11448 | D:10     | Acquired 1231 gold pieces
 11450 | D:10     | Acquired the ring of Peace {^Contam rElec rPois rC+ Str+3}
 11452 | D:10     | Acquired 1062 gold pieces
 11456 | D:10     | Noticed a two-headed ogre
 11460 | D:10     | Killed a two-headed ogre
 11619 | D:2      | Bought an amulet of regeneration for 300 gold pieces
 11805 | D:10     | Found a transporter.
 11813 | D:10     | Found a bloodstained altar of Trog.
 11818 | D:10     | Found a white marble altar of Elyvilon.
 11829 | D:10     | Found a transporter.
 11859 | D:10     | Found a viscous altar of Jiyva.
 12077 | D:10     | Found Jityckeuxt's Antique Armour Shop.
 12185 | D:10     | Received a gift from Nemelex Xobeh
 12196 | D:10     | Found a broken altar of Ashenzari.
 12638 | D:11     | Noticed a two-headed ogre
 12648 | D:11     | Killed a two-headed ogre
 12649 | D:11     | Reached skill level 14 in Fighting
 12747 | D:11     | Received a gift from Nemelex Xobeh
 13096 | D:11     | You are sucked into a shaft and drop 1 floor!
 13103 | D:12     | Noticed a two-headed ogre
 13117 | D:12     | Reached XP level 13. HP: 98/106 MP: 0/0
 13117 | D:12     | Learned a level 5 spell: Summon Mana Viper
 13228 | D:12     | Reached skill level 15 in Fighting
 13263 | D:12     | Noticed Frances
 14396 | D:12     | Killed Frances
 14694 | Lair:1   | Entered Level 1 of the Lair of Beasts
 15298 | Lair:1   | Reached ***** piety under Nemelex Xobeh
 15313 | Lair:1   | Noticed Amaemon
 15322 | Lair:1   | Killed Amaemon
 15323 | Lair:1   | Reached skill level 16 in Fighting
 15526 | Lair:1   | Received a gift from Nemelex Xobeh
 15530 | Lair:1   | Identified the amulet of Tolurhof {Faith rN+}
 15764 | Lair:1   | Received a gift from Nemelex Xobeh
 16108 | Lair:2   | Noticed a catoblepas
 16122 | Lair:2   | Killed a catoblepas
 16222 | Lair:2   | Noticed a four-headed hydra
 16223 | Lair:2   | Reached XP level 14. HP: 85/117 MP: 0/0
 16304 | Lair:2   | Found a hole to the Spider Nest.
 16616 | Lair:2   | Received a gift from Nemelex Xobeh
 17069 | Lair:3   | Found a staircase to the Shoals.
 17111 | Lair:3   | Reached skill level 17 in Fighting
 17498 | Lair:3   | Found a runed translucent door.
 17810 | Lair:3   | Noticed a minotaur
 17818 | Lair:3   | Killed a minotaur
 18146 | Lair:4   | Received a gift from Nemelex Xobeh
 18500 | Lair:4   | Reached ****** piety under Nemelex Xobeh
 18872 | Lair:5   | Entered Level 5 of the Lair of Beasts
 18919 | Lair:5   | Received a gift from Nemelex Xobeh
 19275 | Lair:5   | Reached XP level 15. HP: 88/126 MP: 0/0
 19275 | Lair:5   | Learned a level 6 spell: Bombard
 19370 | Lair:5   | Identified the +3 flail of Impatience {flame, rElec}
 19408 | Lair:5   | Reached skill level 18 in Fighting
 19522 | Lair:5   | Received a gift from Nemelex Xobeh
 19668 | Lair:5   | Identified the +0 plate armour of Virtue {+Blink Str+3
                  | Dex+2}
 19837 | Lair:5   | Found a viscous altar of Jiyva.
 19837 | Lair:5   | Found a staircase to the Slime Pits.
 20416 | Lair:5   | Reached skill level 19 in Fighting
 20933 | Lair:5   | Found a viscous altar of Jiyva.
 20933 | Lair:5   | Found a staircase to the Slime Pits.
 21868 | D:10     | Slain by a titanic slime creature

Illustrated notes

Levels and vault maps discovered:
D:1:      psy_arrival_radial01, layout_basic, ebering_ecumenical_altar_webs
D:2:      layout_loops_ring, serial_shops, shop, chequers_serial_rivers_micro_a
D:3:      layout_loops_corners, minmay_overflow_temple_hex, minmay_cut_off,
          uniq_robin, uniq_crazy_yiuf_cottage
D:4:      layout_gridville, nicolae_gozag_seed_capital, kennysheep_mini_moat,
          minmay_temple_entry_gardened_gates
D:5:      layout_basic, portal_sewer_entry_e, minmay_diced_spiral
D:6:      layout_cave_pools, grunt_ministairs_15, hellmonk_guarded_unrand_lears
D:7:      layout_rooms, gammafunk_ghost_nasty_kobolds, uniq_prince_ribbit1,
          uniq_jeremiah
D:8:      layout_gridville, tgw_kikubaaqudgha, serial_park_tiny_pond,
          minmay_radiant
D:9:      minmay_four_partial_circles, layout_rooms, david_lair_generic,
          uniq_psyche, uniq_maggie
D:10:     gammafunk_jiyva_shrine, layout_basic, ashenzari_conservatory_becter,
          gammafunk_temple_overflow_pools, serial_shops,
          nicolae_shop_window_shopping
D:11:     layout_roguey [special_room_orc], david_orc_4,
          minmay_gold_behind_fungi
D:12:     layout_roguey, uniq_frances
Temple:   nicolae_temple_two_arcs
Lair:1:   layout_chaotic_city, minivault_11, serial_bayou_lake_a, uniq_amaemon
Lair:2:   layout_chaotic_city, spider_nest_entry_rubble, serial_bayou_shore_b
Lair:3:   dreamdust_labyrinth, layout_loops_ring, elwin_shoals_entry_stream,
          infiniplex_staircase_pool_2
Lair:4:   layout_cave_pods, beast_lair_carwin_4, infiniplex_staircase_pool,
          serial_bayou_shore_b
Lair:5:   hangedman_lair_tendril_chambers, layout_gridlike,
          hangedman_lair_in_review, minmay_slime_entry_oklob_enclosed

Skill      XL: |  1  2  3  4  5  6  7  8  9 10 11 12 13 14 15 |
---------------+----------------------------------------------+-----
Fighting       | 1 2 3 4 5 7 9 11 13 14 16 17 19 | 19.0
Spellcasting   | 4 5 6 7 9 10 11 12 14 | 14.9
Conjurations   | 4 5 6 7 9 10 11 12 14 | 14.9
Hexes          | 4 5 6 7 9 10 11 12 14 | 14.9
Summonings     | 4 5 6 7 9 10 11 12 14 | 14.9
Necromancy     | 4 5 6 7 9 10 11 12 14 | 14.9
Translocations | 4 5 6 7 9 10 11 12 14 | 14.9
Fire Magic     | 4 5 6 7 9 10 11 12 14 | 14.9
Ice Magic      | 4 5 6 7 9 10 11 12 14 | 14.9
Air Magic      | 4 5 6 7 9 10 11 12 14 | 14.9
Earth Magic    | 4 5 6 7 9 10 11 12 14 | 14.9
Alchemy        | 4 5 6 7 9 10 11 12 14 | 14.9
Dodging        | |  2.1
Stealth        | |  1.5

Action                     |  1- 3 |  4- 6 |  7- 9 | 10-12 | 13-15 || total
---------------------------+-------+-------+-------+-------+-------++-------
  Melee: Unarmed           |     1 |       |     4 |       |       ||     5
         Punch             |       |       |     1 |       |       ||     1
         Staff             |       |       |       |     1 |     6 ||     7
   Cast: Sting             |    67 |   124 |   209 |   206 |   211 ||   817
         Mephitic Cloud    |       |     3 |    34 |    62 |    31 ||   130
         Hailstorm         |       |       |     6 |       |       ||     6
         Olgreb's Toxic Ra |       |       |     5 |    20 |    32 ||    57
         Airstrike         |       |       |    10 |    84 |   324 ||   418
         Sticky Flame      |       |       |     6 |     1 |    14 ||    21
         Fireball          |       |       |       |    57 |    48 ||   105
         Summon Mana Viper |       |       |       |       |    53 ||    53
         Blink             |       |       |       |       |     3 ||     3
 Invoke: Draw Summoning    |       |       |       |       |     1 ||     1
  Evoke: Wand              |       |       |     3 |       |       ||     3
    Use: Scroll            |       |     5 |    11 |     9 |    16 ||    41
         Potion            |       |       |       |       |     1 ||     1
 Armour: Robe              |    11 |    32 |    61 |       |       ||   104
         Troll leather arm |       |       |     3 |    95 |   217 ||   315
  Dodge: Dodged            |    16 |    27 |    57 |    91 |   175 ||   366

Table legend: (Time is in decaauts)
 A = Elapsed time spent in this place.
 B = Non-inter-level travel time spent in this place.
 C = Inter-level travel time spent in this place.
 D = Time resting spent in this place.
 E = Time spent auto-exploring this place.
 F = Levels seen in this place.
 G = Mean time per level.
                   A        B        C        D        E       F      G
               +--------+--------+--------+--------+--------+-----+--------+
         Total |  21919 |  20049 |   1870 |   2653 |  12877 |  19 | 1153.6 |
       Dungeon |  14582 |  12990 |   1592 |   2123 |   7752 |  12 | 1215.2 |
        Temple |     87 |     78 |      9 |      0 |      0 |   1 |   87.0 |
          Lair |   6483 |   6215 |    268 |    111 |   4962 |   5 | 1296.6 |
         Sewer |    766 |    766 |      0 |    419 |    163 |   1 |  766.0 |
               +--------+--------+--------+--------+--------+-----+--------+

Top non-repeatable levels by time:
  Lair:5: 2824 daAuts
     D:5: 1756 daAuts
     D:8: 1579 daAuts
     D:3: 1442 daAuts
     D:9: 1260 daAuts
     D:6: 1249 daAuts
     D:4: 1189 daAuts
    D:11: 1070 daAuts
     D:2: 1047 daAuts
  Lair:3: 1042 daAuts
     D:1: 1039 daAuts
    D:12: 1023 daAuts
    D:10: 1005 daAuts
  Lair:4: 948 daAuts
     D:7: 918 daAuts
